 Dungeon Crawl Stone Soup version 0.31.0-11-ge490571c62 (webtiles) character file.

Game seed: 3681644006282272866

14551 Bobbunny the Grappler (level 11, -5/119 HPs)
             Began as a Troll Fighter on Jan 27, 2024.
             Was an Initiate of Gozag.
             Slain by a deep troll earth mage (12 damage)
             ... on level 10 of the Dungeon.
             The game lasted 00:13:55 (8177 turns).

Bobbunny the Grappler (Troll Fighter)               Turns: 8177, Time: 00:13:56

Health: -5/119     AC:  7    Str: 28    XL:     11   Next: 90%
Magic:  10/10      EV: 14    Int:  6    God:    Gozag
Gold:   1493       SH: 14    Dex:  9    Spells: 10/10 levels left

rFire   + +          .
                       - Unarmed
rCold   . . .        b - +0 kite shield
rNeg    . . .        G - +1 robe of Potrib {rF++}
rPois   .            (helmet restricted)
rElec   .            p - +1 cloak
rCorr   .            (gloves unavailable)
SInv    .            (boots unavailable)
Will    +....        w - amulet of reflection
Stlth   +            l - +5 ring of evasion
HPRegen 1.19/turn    F - ring of willpower
MPRegen 0.12/turn

%: reflection
@: no status effects
A: large, unfitting armour, claws 3, regeneration 1, shaggy fur 1, tough skin 1
a: Renounce Religion, Potion Petition, Call Merchant, Bribe Branch


You were on level 10 of the Dungeon.
You worshipped Gozag.
Gozag was most pleased with you.
You visited 1 branch of the dungeon, and saw 10 of its levels.
You also visited: Bailey.

You collected 2728 gold pieces.
You spent 571 gold pieces at shops.
You paid 664 gold pieces to Gozag.

Inventory:

Hand Weapons
 a - the +6 shillelagh "Devastator" {shatter}
   (You found it on level 10 of the Dungeon)
Missiles
 f - 9 poisoned darts
 n - 3 boomerangs (quivered)
 r - a curare-tipped dart
 B - 18 darts of dispersal
Armour
 b - a +0 kite shield (worn)
 p - a +1 cloak (worn)
 G - the +1 robe of Potrib (worn) {rF++}
   (You bought it in a shop on level 10 of the Dungeon)

   rF++:      It greatly protects you from fire.
Jewellery
 l - a +5 ring of evasion (left claw)
 t - a ring of positive energy
 w - an amulet of reflection (around neck)
 z - the amulet of Elemental Vulnerability {rPois rF-- rC-- AC+8}
   (You found it on level 6 of the Dungeon)

   [amulet of nothing]

   AC+8:      It affects your AC (+8).
   rF--:      It makes you very vulnerable to fire.
   rC--:      It makes you very vulnerable to cold.
   rPois:     It protects you from poison
 F - a ring of willpower (right claw)
Wands
 q - a wand of flame (51)
Scrolls
 d - 6 scrolls of teleportation
 g - 2 scrolls of poison {unknown}
 i - 2 scrolls of immolation
 j - a scroll of summoning
 o - a scroll of brand weapon {unknown}
 s - 4 scrolls of enchant weapon {unknown}
 u - 3 scrolls of fear
 A - a scroll of fog
 E - a scroll of silence
 H - a scroll of identify
Potions
 c - 2 potions of might
 e - 3 potions of heal wounds {unknown}
 h - 6 potions of haste
 k - 3 potions of cancellation {unknown}
 m - 5 potions of brilliance {unknown}
 v - 4 potions of magic
 x - 3 potions of curing
 C - a potion of berserk rage {unknown}
 D - 2 potions of mutation {unknown}
 I - a potion of resistance {unknown}
 J - 2 potions of invisibility {unknown}


   Skills:
 + Level 10.5 Fighting
 - Level 6.0 Throwing
 - Level 3.0 Dodging
 + Level 6.6 Shields
 + Level 12.1 Unarmed Combat


You had 10 spell levels left.
You didn't know any spells.
Your spell library contained the following spells:

 Spells                   Type           Power      Damage    Failure   Level
 Apportation              Tloc           0%         N/A       65%         1
 Magic Dart               Conj           0%         1d3       65%         1
 Necrotise                Necr           0%         1d4       65%         1
 Sandblast                Erth           0%         2d4       65%         1
 Sting                    Conj/Alch      0%         1d3       65%         1
 Summon Small Mammal      Summ           0%         N/A       65%         1
 Cigotuvi's Dreadful Rot  Necr/Alch/Air  0%         N/A       80%         2
 Searing Ray              Conj           0%         2d4       80%         2
 Dazzling Flash           Conj/Hex       0%         N/A       95%         3
 Mephitic Cloud           Conj/Alch/Air  0%         N/A       95%         3
 Passwall                 Erth           0%         N/A       95%         3
 Stone Arrow              Conj/Erth      0%         3d7       95%         3
 Brom's Barrelling Bould  Conj/Erth      0%         2d3       100%        4
 Fulminant Prism          Conj/Alch      0%         3d5       100%        4
 Ignite Poison            Fire/Alch      0%         N/A       100%        4
 Curse of Agony           Necr           0%         N/A       100%        5
 Freezing Cloud           Conj/Ice/Air   0%         6-21      100%        5
 Silence                  Hex/Air        0%         N/A       100%        5


Dungeon Overview and Level Annotations

Branches:
Dungeon (10/15)            Temple (0/1) D:5            Lair (0/5) D:10
    Orc (0/2) D:10         Bailey (visited)

Altars:
Elyvilon
Fedhas
Gozag
Hepliaklqana
Nemelex Xobeh
Okawaru
Ru
Trog
Wu Jian
Xom
Yredelemnul
The Shining One

Shops:
D:7 :   D:10 [

Annotations:
D:3 1 runed translucent door, TheBioAlchemist's ghost, amateur FoFi


Innate Abilities, Weirdness & Mutations

You are too large for most types of armour.
You have claws for hands.
Your natural rate of healing is unusually fast.
You are covered in fur. (AC +1)
You have tough skin. (AC +1)


Message History

The deep troll earth mage is lightly wounded.
The deep troll earth mage bites you.
You block the deep troll earth mage's attack.
The deep troll earth mage misses you.
You mangle the deep troll earth mage!!
The deep troll earth mage is severely wounded.
You block the deep troll earth mage's attack.
The deep troll earth mage claws you!
You block the deep troll earth mage's attack.
You barely miss the deep troll earth mage.
The deep troll earth mage is heavily wounded.
The deep troll earth mage bites you!
You block the deep troll earth mage's attack.
The deep troll earth mage claws you!
You completely miss the deep troll earth mage.
The deep troll earth mage is heavily wounded.
You block the deep troll earth mage's attack.
The deep troll earth mage claws you! The deep troll earth mage claws you.
You block the deep troll earth mage's attack.
The deep troll earth mage claws you!
The deep troll earth mage barely misses you.
You scratch the deep troll earth mage.
The deep troll earth mage is severely wounded.
You scratch the deep troll earth mage.
The deep troll earth mage is severely wounded.
The deep troll earth mage bites you!
You block the deep troll earth mage's attack.
The deep troll earth mage claws you!
You claw the deep troll earth mage!
The deep troll earth mage is severely wounded.
The deep troll earth mage bites you!!
* * * LOW HITPOINT WARNING * * *
You block the deep troll earth mage's attack. x2
You completely miss the deep troll earth mage.
The deep troll earth mage is severely wounded.
The deep troll earth mage bites you!
* * * LOW HITPOINT WARNING * * *
The deep troll earth mage claws you!
You die...
Your body crumbles into a pile of gold.

#................).......###
#.......................###.
#.......................##..
#.................#.....#...
#.................#.........
#....:............#....##...
##############....#....#.#..
...........#....#.....###.
.........@.#....#....#.#.#
..[.....T).#....#....#...# ###
############)#....#....#...#
##8###.###8###8##.#....#.........
#...#...#...#...#)#####)....#....
#...............).(....#.......l.
'..............)......#♣........9
#.....................#.........T
#...#...#...#...#.....#∩.♣......l


You could see a deep troll earth mage.

Vanquished Creatures
  5 two-headed ogres
  Pikel (D:7)
  An orc knight (Bailey)
  3 gargoyles
  Jeremiah (D:7)
  2 komodo dragons (D:10)
  A hornet (D:5)
  Grinder (D:4)
  Prince Ribbit (D:5)
  A basilisk (D:10)
  19 yaks
  3 steam dragons
  Menkaure (D:7)
  3 water moccasins
  Duvessa (D:5)
  An acid dragon (D:9)
  A sky beast (D:7)
  8 orc warriors
  An ice beast (D:6)
  2 black bears
  3 centaurs
  2 ogres
  4 lemures (D:7)
  4 kobold brigands
  4 bullfrogs
  7 scorpions
  5 wights (D:8)
  Dowan (D:5)
  11 killer bees
  6 howler monkeys
  A jelly (D:6)
  A bombardier beetle (D:3)
  5 hounds
  6 orc priests
  2 sleepcaps
  Jessica (D:2)
  4 iguanas
  11 orc wizards
  Ijyb (D:5)
  12 gnolls
  9 adders
  2 white imps (D:5)
  2 ufetubi (D:6)
  3 dart slugs
  3 ribbon worms
  60 orcs
  4 ball pythons
  4 bats
  3 endoplasms (D:3)
  3 giant cockroaches
  9 goblins
  A hobgoblin (D:1)
  A quokka (D:5)
  5 frilled lizards
  6 kobolds
  4 rats
  A spectral goblin (D:4)
268 creatures vanquished.

Vanquished Creatures (others)
  An orc wizard (D:9)
  An orc (D:9)
2 creatures vanquished.

Grand Total: 270 creatures vanquished

Notes
Turn   | Place    | Note
-------+----------+-------------------------------------------
     0 | D:1      | Bobbunny the Troll Fighter began the quest for the Orb.
     0 | D:1      | Reached XP level 1. HP: 22/22 MP: 0/0
   183 | D:1      | Found a faded altar of an unknown god.
   237 | D:1      | Prayed at the altar of an unknown god.
   237 | D:1      | Became a worshipper of Gozag Ym Sagoz the Greedy
   307 | D:1      | Reached XP level 2. HP: 28/29 MP: 1/1
   940 | D:2      | Reached XP level 3. HP: 33/37 MP: 2/2
  1026 | D:2      | Noticed Jessica
  1030 | D:2      | Killed Jessica
  1031 | D:2      | Reached skill level 3 in Unarmed Combat
  1233 | D:2      | Reached XP level 4. HP: 37/45 MP: 3/3
  1556 | D:3      | Found a glowing golden altar of the Shining One.
  1717 | D:3      | Found a runed translucent door.
  1719 | D:3      | Noticed TheBioAlchemist's ghost (amateur FoFi)
  2238 | D:4      | Found a sacrificial altar of Ru.
  2268 | D:4      | Reached skill level 4 in Unarmed Combat
  2268 | D:4      | Reached XP level 5. HP: 54/54 MP: 4/4
  2316 | D:4      | Noticed an ogre
  2318 | D:4      | Noticed a water moccasin
  2326 | D:4      | Killed an ogre
  2327 | D:4      | Reached XP level 6. HP: 57/63 MP: 5/5
  2334 | D:4      | Killed a water moccasin
  2335 | D:4      | Reached skill level 5 in Unarmed Combat
  2396 | D:4      | Noticed Grinder
  2399 | D:4      | Paralysed by Grinder for 5 turns
  2421 | D:4      | Killed Grinder
  2422 | D:4      | Reached skill level 5 in Fighting
  2422 | D:4      | Reached XP level 7. HP: 26/72 MP: 6/6
  2503 | D:4      | Found an ornate altar of the Wu Jian Council.
  2576 | D:4      | Found an opulent altar of Gozag.
  2588 | D:4      | Reached skill level 6 in Unarmed Combat
  2937 | D:4      | Found a hazy altar of Hepliaklqana.
  3003 | D:5      | Entered Level 5 of the Dungeon
  3108 | D:5      | Noticed a hornet
  3119 | D:5      | Killed a hornet
  3120 | D:5      | Reached skill level 7 in Unarmed Combat
  3120 | D:5      | Reached XP level 8. HP: 52/83 MP: 7/7
  3280 | D:5      | Noticed Duvessa
  3280 | D:5      | Noticed Dowan
  3287 | D:5      | Noticed Prince Ribbit
  3288 | D:5      | Killed Duvessa
  3303 | D:5      | Killed Dowan
  3305 | D:5      | Killed Prince Ribbit
  3306 | D:5      | Reached skill level 8 in Unarmed Combat
  3352 | D:5      | Found an iron altar of Okawaru.
  3461 | D:5      | Found a basalt altar of Yredelemnul.
  3547 | D:5      | Reached skill level 1 in Throwing
  3693 | D:5      | Found a blossoming altar of Fedhas.
  3693 | D:5      | Found a white marble altar of Elyvilon.
  3733 | D:5      | Found a staircase to the Ecumenical Temple.
  3733 | D:5      | Noticed Ijyb
  3743 | D:5      | Killed Ijyb
  3849 | D:6      | Found the amulet of Elemental Vulnerability {rPois rF--
                  | rC-- AC+8}
  3949 | D:6      | Reached XP level 9. HP: 90/93 MP: 8/8
  4533 | D:6      | Bought a scroll labelled BUMIS RE SIHES for 34 gold pieces
  4533 | D:6      | Bought a ruby potion for 30 gold pieces
  4533 | D:6      | Bought a fizzy black potion for 30 gold pieces
  4533 | D:6      | Bought a scroll of teleportation for 102 gold pieces
  4533 | D:6      | Bought a scroll of identify for 68 gold pieces
  4533 | D:6      | Bought a potion of might for 136 gold pieces
  4560 | D:7      | Reached skill level 9 in Unarmed Combat
  4627 | D:7      | Noticed Pikel
  4630 | D:7      | Killed Pikel
  4655 | D:7      | Noticed Menkaure
  4662 | D:7      | Killed Menkaure
  4747 | D:7      | Reached XP level 10. HP: 94/104 MP: 9/9
  4838 | D:7      | Found Jyogh's Book Shop.
  4925 | D:7      | Found a sparkling altar of Nemelex Xobeh.
  4929 | D:7      | Noticed Jeremiah
  5175 | D:8      | Reached skill level 5 in Throwing
  5286 | D:7      | Killed Jeremiah
  5375 | D:7      | Reached skill level 5 in Shields
  5467 | D:7      | Reached skill level 10 in Unarmed Combat
  5942 | D:8      | Found a shimmering altar of Xom.
  6106 | D:8      | Found a bloodstained altar of Trog.
  6628 | D:9      | Noticed a two-headed ogre
  6640 | D:9      | Killed a two-headed ogre
  6641 | D:9      | Reached XP level 11. HP: 99/115 MP: 10/10
  6648 | D:9      | Reached skill level 11 in Unarmed Combat
  6847 | D:9      | Noticed a two-headed ogre
  6864 | D:9      | Killed a two-headed ogre
  7253 | D:10     | Entered Level 10 of the Dungeon
  7285 | D:10     | Found a staircase to the Lair.
  7286 | D:10     | Noticed a two-headed ogre
  7335 | D:10     | Found Ebeshiel's Antique Armour Shop.
  7341 | D:10     | Bought a distressingly furry robe for 171 gold pieces
  7341 | D:10     | Identified the +1 robe of Potrib {rF++} (You bought it in a
                  | shop on level 10 of the Dungeon)
  7365 | D:10     | Found a flagged portal.
  7367 | D:10     | Noticed a deep troll earth mage
  7368 | D:10     | Found the +6 shillelagh "Devastator" {shatter}
  7368 | D:10     | Noticed a two-headed ogre
  7427 | D:10     | Killed a two-headed ogre
  7437 | D:10     | Reached skill level 10 in Fighting
  7457 | D:10     | Noticed a two-headed ogre
  7477 | D:10     | Killed a two-headed ogre
  7588 | Bailey   | Entered a bailey
  7795 | Bailey   | Noticed an orc knight
  7809 | Bailey   | Killed an orc knight
  8013 | D:10     | Killed a two-headed ogre
  8014 | D:10     | Reached skill level 12 in Unarmed Combat
  8136 | D:10     | Found a staircase to the Orcish Mines.
  8177 | D:10     | Slain by a deep troll earth mage

Illustrated notes

Levels and vault maps discovered:
D:1:      dpeg_arrival_snail, layout_loops_ring,
          shapermc_ecumenical_altar_mp_ritualfount, st_stairs_13
D:2:      layout_basic, uniq_jessica
D:3:      layout_basic, old_standard_altar, ebering_ghost_inner_flame
D:4:      layout_rooms, nicolae_ru_sacrificial_ziggurat,
          mainiacjoe_overflow_alcove_1, nicolae_gozag_seed_capital,
          nicolae_hepliaklqana_monster_ancestors, uniq_grinder
D:5:      layout_layer_cave, mainiacjoe_overflow_boulevard,
          general_overflow_altar, gammafunk_temple_overflow_pools,
          minmay_temple_entry_offerings, uniq_duvessa, uniq_prince_ribbit1,
          uniq_ijyb
D:6:      layout_basic, minmay_unpleasant_kobolds
D:7:      layout_rooms, mainiacjoe_overflow_surrounded_room, serial_shops, shop,
          grunt_decor_clamped, uniq_jeremiah, uniq_menkaure, uniq_pikel
D:8:      layout_basic, lemuel_round_altar, lemuel_coloured_pillars_altar
D:9:      layout_rooms
D:10:     minmay_roctagon, layout_grid_maze, due_lair_maze_entry_diamond,
          david_orc_4, serial_shops, nicolae_shop_pleasant_corner_grove,
          enter_bailey_2, st_stairs_3

Skill      XL: |  1  2  3  4  5  6  7  8  9 10 11 |
---------------+----------------------------------+-----
Fighting       | 3 4 5 6 7 8 9 10 | 10.5
Unarmed Combat | 3 4 5 7 8 9 10 12 | 12.1
Throwing       | 2 4 6 |  6.0
Shields        | 4 5 6 |  6.6
Dodging        | 3 |  3.0

Action                     |  1- 3 |  4- 6 |  7- 9 | 10-12 || total
---------------------------+-------+-------+-------+-------++-------
  Melee: Unarmed           |    74 |    72 |   296 |   420 ||   862
  Throw: Dart              |       |     3 |       |    11 ||    14
         Boomerang         |       |     1 |    12 |    16 ||    29
 Invoke: Call Merchant     |       |       |     1 |       ||     1
  Evoke: Wand              |       |       |     1 |     3 ||     4
    Use: Scroll            |       |       |     4 |     5 ||     9
   Stab: Distracted        |       |       |     2 |     5 ||     7
         Sleeping          |       |       |       |     1 ||     1
 Armour: Robe              |    50 |    22 |   122 |   152 ||   346
  Dodge: Dodged            |    18 |    31 |    95 |   148 ||   292
  Block: Kite shield       |    21 |    16 |   123 |   276 ||   436
         Reflection        |       |       |     7 |     7 ||    14
